 Dungeon Crawl Stone Soup version 0.19.1 (webtiles) character file.

274006 sveltemanboy the Executioner (level 21, -10/144 HPs)
             Began as a Formicid Fighter on Nov 29, 2016.
             Was the Champion of Okawaru.
             Mangled by a sixfirhy (11 damage)
             ... led by a cacodemon
             ... on level 5 of the Abyss.
             The game lasted 02:03:27 (33874 turns).

sveltemanboy the Executioner (Formicid Fighter)    Turns: 33874, Time: 02:03:27

Health: -10/144    AC: 40    Str: 40      XL:     21   Next: 16%
Magic:  34/34      EV: 11    Int:  6 (8)  God:    Okawaru [******]
Gold:   3439       SH: 29    Dex: 15      Spells: 0 memorised, 20 levels left

rFire  + . .     SeeInvis +     a - +9 executioner's axe (flame)
rCold  + + +     Gourm    .     D - +5 crystal plate armour of Sloth {rF+ Regen+}
rNeg   . . .     Faith    .     i - +5 large shield {reflect}
rPois  +         Spirit   .     (helmet unavailable)
rElec  .         Reflect  +     m - +2 cloak {+Inv}
rCorr  .         Harm     .     R - +2 pair of gloves
MR     ++...                    N - +4 pair of boots of Qazlal's Hatred {rPois Dex+3 SInv}
Stlth  ..........               v - amulet of regeneration
                                K - ring "Jypreheo" {rC++ MP+9 Str+7}
                                u - +6 ring of strength

@: no status effects
A: permanent stasis, dig shafts and tunnels, four strong arms, antennae 3,
hooves 1, agile 1, blurry vision 2, cold resistance 1, deterioration 2, frail 1,
low mp 2, screaming 2, slow regeneration 2, weak 2, subdued magic 2
a: Dig, Shaft Self, Heroism, Finesse, Renounce Religion, Evoke Invisibility
}: 2/15 runes: decaying, serpentine


You were on level 5 of the Abyss.
You worshipped Okawaru.
Okawaru was exalted by your worship.
You were very hungry.

You visited 7 branches of the dungeon, and saw 32 of its levels.
You visited the Abyss 2 times.
You visited 2 bazaars.
You also visited: Sewer, Ossuary, Ice Cave and Wizlab.

You collected 4216 gold pieces.
You spent 777 gold pieces at shops.

Inventory:

Hand Weapons
 a - a +9 executioner's axe of flaming (weapon)
Armour
 i - a +5 large shield of reflection (worn)
 l - the -6 cloak of Fun {rPois Str-5 Int+2 Stlth+, unknown}
   (Okawaru gifted it to you on level 5 of the Abyss)

   It affects your strength (-5).
   It affects your intelligence (+2).
   It protects you from poison.
   It makes you more stealthy.
 m - a +2 cloak of invisibility (worn)
 D - the +5 crystal plate armour of Sloth (worn) {rF+ Regen+}
   (Okawaru gifted it to you on level 6 of the Lair of Beasts)

   It protects you from fire.
   It increases your rate of regeneration.
 N - the +4 pair of boots of Qazlal's Hatred (worn) {rPois Dex+3 SInv}
   (You acquired it in a bazaar)

   It affects your dexterity (+3).
   It protects you from poison.
   It lets you see invisible.
 R - a +2 pair of gloves (worn)
Rods
 b - a +0 rod of shadows (11/11)
   (You found it in a wizard's laboratory)
Jewellery
 u - a +6 ring of strength (left hand)
 v - an amulet of regeneration (around neck)
 I - an uncursed ring of protection from fire
 K - the ring "Jypreheo" (right hand) {rC++ MP+9 Str+7}
   (You found it on level 10 of the Dungeon)

   [ring of magical power]

   It affects your strength (+7).
   It greatly protects you from cold.
   It affects your magic capacity (+9).
Wands
 n - a wand of confusion (13/48)
 y - a wand of digging (9/24)
 C - a wand of paralysis (9/24)
 J - a wand of disintegration (13/24)
 L - a wand of slowing (16/48)
 M - a wand of digging (7/24)
 V - a wand of acid (6/15)
Scrolls
 c - a scroll of enchant weapon
 p - 7 scrolls of identify
 q - a scroll of silence
 r - a scroll of fog
 w - a scroll of enchant armour
 B - 7 scrolls of remove curse
 E - 5 scrolls of fear
 O - 3 scrolls of summoning
Potions
 d - 3 potions of might
 g - 5 potions of cancellation
 k - 5 potions of lignification
 s - 3 potions of resistance
 x - 2 potions of heal wounds
 z - 10 potions of flight
 A - 2 potions of curing
 H - a potion of magic
 Q - 2 potions of invisibility
Miscellaneous
 e - a lamp of fire (inert)
 o - a fan of gales
 t - a sack of spiders
Comestibles
 f - 23 bread rations
 h - 4 slices of pizza
 j - 12 meat rations
 P - 4 fruits
 S - 6 beef jerkies


   Skills:
 + Level 12.9 Fighting
 * Level 23.1 Axes
 - Level 13.0 Armour
 - Level 7.0 Dodging
 - Level 15.0 Shields
 - Level 7.2 Invocations
 + Level 13.9 Evocations


You had 20 spell levels left.
You didn't know any spells.

Dungeon Overview and Level Annotations

Branches:
Dungeon (12/15)            Temple (1/1) D:5            Lair (6/6) D:9
  Swamp (4/4) Lair:2        Snake (4/4) Lair:4        Slime (0/5) Lair:5
    Orc (2/2) D:12            Elf (3/3) Orc:2

Altars:
Ashenzari
Cheibriados
Dithmenos
Elyvilon
Fedhas
Gozag
Hepliaklqana
Kikubaaqudgha
Makhleb
Nemelex Xobeh
Okawaru
Qazlal
Ru
Sif Muna
Trog
Uskayaw
Xom
Yredelemnul
Zin
The Shining One
Jiyva

Shops:
D:6 *   D:7 %   D:10 *   D:11 *=   Orc:2 }=[**=(%?

Annotations:
Swamp:3 Mara


Innate Abilities, Weirdness & Mutations

You are under a permanent stasis effect.
You can dig through walls and to a lower floor.
Your four strong arms can wield two-handed weapons with a shield.
You have a pair of large antennae on your head. (SInv)
You have large cloven feet.
You are agile. (Dex +2)
Your flesh is cold resistant. (rC+)
You are frail. (-10% HP)
[Scrolls take you longer to read.]
[Your body often deteriorates upon taking damage.]
[Your magical capacity is very low. (-20% MP)]
[You sometimes yell uncontrollably at your foes.]
[You do not regenerate when monsters are visible.]
[You are very weak. (Str -4)]
[Your spells are easier to cast, but less powerful.]


Message History

The sixfirhy hits you!
* * * LOW HITPOINT WARNING * * *
The sixfirhy shocks you!
* * * LOW HITPOINT WARNING * * *
A spatial vortex comes into view.
The ufetubus disappears in a puff of smoke!
The smoke demon roars!
A starcursed mass splits.
The spatial maelstrom closely misses you.
You block the spatial maelstrom's attack.
Tentacles burst from the starspawn's body!
The smoke demon gestures at you. The ball of steam hits you! You resist.
* * * LOW HITPOINT WARNING * * *
2 starspawn tentacles come into view.
The sixfirhy is engulfed in a cloud of scalding steam. x2
The sixfirhy hits you.
* * * LOW HITPOINT WARNING * * *
The sixfirhy shocks you!
You die...

.. .. ...
........... ... ..
..##..##..# ..# ..#
.5##..##..##..##..#
..*......v....!..
XX3.X{X.w....... ..
#..##.X# ..#
...X...X.wv#..##..#
..vXv.h.X.3@.......
.........§.v.......
..##..##.§##..##..#
..##v.##3.# ..# #
.....{.§.§......
.................
..# . ##. ###.####
.. #..##.# ..


You could see 2 starcursed masses, a tentacled starspawn, a spatial maelstrom, 2
spatial vortices, a large abomination, a sixfirhy, a smoke demon, a raiju and 2
starspawn tentacles.

Vanquished Creatures
  An ancient lich (Abyss:5)
  Vashnia (Snake:2)
  the Lernaean hydra (Swamp:4)
  Nikola (Swamp:3)
  A bone dragon (Abyss:5)
  A Hellbinder (WizLab)
  A hellephant (Abyss:5)
  A lich (Abyss:3)
  3 tentacled starspawn
  Kirke (Snake:3)
  Gastronok (D:11)
  Donald (Elf:1)
  5 nagarajas (Snake:4)
  A balrug (WizLab)
  Aizul (Snake:1)
  5 deep elf sorcerers
  An angel (Abyss:5)
  An orc warlord (Orc:2)
  A spriggan defender (Elf:1)
  9 deep elf demonologists
  4 deep elf annihilators (Elf:3)
  2 green deaths (WizLab)
  Snorg (D:10)
  2 deep elf death magi (Elf:3)
  Josephine (Lair:6)
  A great orb of eyes (Abyss:3)
  6 deep elf high priests
  19 naga warriors
  16 hydras
  Erolcha (Orc:1)
  A rakshasa (Abyss:5)
  2 ghost crabs
  A hell beast (WizLab)
  Erica (D:11)
  3 catoblepae
  A death knight (D:12)
  8 anacondas
  26 dancing weapons
  A tengu warrior (Swamp:3)
  4 death yaks (Lair:6)
  A deep troll shaman (Lair:6)
  4 alligators
  2 hell hogs (Abyss:5)
  5 shock serpents
  16 naga sharpshooters
  6 orc high priests
  19 deep elf knights
  5 thrashing horrors
  A sun demon (WizLab)
  2 soul eaters (WizLab)
  3 wretched stars
  A sixfirhy (Abyss:3)
  A salamander mystic (Snake:4)
  3 spatial maelstroms (Abyss:5)
  A spriggan druid (Swamp:2)
  A flayed ghost (Abyss:3)
  A lindwurm (Lair:6)
  5 naga ritualists (Snake:4)
  4 shambling mangroves
  7 swamp dragons
  2 mana vipers (Snake:1)
  5 deep elf archers
  A hill giant (D:11)
  37 deep elf magi
  4 orc sorcerers
  An oklob plant (Lair:6)
  19 ugly things
  A cyclops (D:11)
  11 large abominations
  A worldbinder (Abyss:5)
  9 elephants (Lair:6)
  2 guardian serpents
  Maurice (D:11)
  4 salamanders
  3 ice statues (IceCv)
  A rust devil (Abyss:3)
  Joseph (D:9)
  19 black mambas
  23 naga magi
  A gargoyle (D:12)
  19 spiny frogs
  A torpor snail (Lair:3)
  4 smoke demons
  3 orange demons (WizLab)
  2 hellions (WizLab)
  6 komodo dragons
  A demonic crawler (Abyss:5)
  5 freezing wraiths
  A kobold demonologist (WizLab)
  2 ice devils (WizLab)
  2 rime drakes
  5 ancient zymes
  3 red devils (WizLab)
  A tengu conjurer (Swamp:3)
  A tormentor (WizLab)
  A troll (Elf:3)
  6 polar bears
  11 hornets
  8 raiju
  5 tyrant leeches
  7 hippogriffs
  9 slime creatures
  20 dream sheep
  A meliai zombie (D:12)
  4 bog bodies
  2 air elementals (Elf:1)
  5 wyverns
  8 wraiths
  Sigmund (D:2)
  5 basilisks
  3 water elementals
  4 ynoxinuls
  2 shadows
  4 spriggans
  A chaos spawn (Abyss:5)
  34 yaks
  A fire elemental (Elf:1)
  Grum (D:11)
  A neqoxec (Abyss:3)
  A golden eye (shapeshifter) (Elf:3)
  Eustachio (D:4)
  16 vampire mosquitoes
  A spatial vortex (Abyss:5)
  41 nagas
  2 wargs (Orc:2)
  14 swamp worms
  11 porcupines
  14 water moccasins
  11 swamp drakes
  2 sky beasts
  23 orc warriors
  3 phantoms
  6 black bears (Lair:2)
  9 ice beasts
  20 wolves
  9 ogres
  4 centaurs (D:12)
  22 crocodiles
  A big kobold (D:10)
  21 bullfrogs
  6 earth elementals
  A wyvern skeleton (D:6)
  A scorpion (D:5)
  4 howler monkeys
  13 wights
  6 small abominations
  An electric eel (Lair:2)
  A crimson imp (D:11)
  2 bullfrog zombies
  16 starcursed masses
  11 hounds
  2 jellies
  2 bullfrog skeletons
  38 orc priests
  3 centaur skeletons
  12 iguanas
  35 orc wizards
  11 worker ants
  A mummy (Ossuary)
  Robin (D:4)
  A worker ant zombie (D:5)
  A gnoll (D:7)
  2 river rats (D:9)
  19 adders
  12 white imps (Orc:2)
  An ufetubus (Abyss:3)
  An adder zombie (D:4)
  4 worms
  3 dart slugs
  11 leopard geckos
  76 orcs
  8 bats
  9 giant cockroaches
  17 goblins
  8 hobgoblins
  16 jackals
  9 kobolds
  8 quokkas
  3 ball pythons
  12 frilled lizards
  6 gnoll skeletons (Ossuary)
  7 kobold skeletons (Ossuary)
  11 orc skeletons (Ossuary)
  A quokka skeleton (D:5)
  8 rats
  3 fungi
  7 plants
  5 starspawn tentacles
1241 creatures vanquished.

Vanquished Creatures (collateral kills)
  3 nagarajas (Snake:4)
  A deep elf annihilator (Elf:3)
  A thrashing horror (Abyss:3)
  A naga ritualist (Snake:4)
  A black mamba (Snake:4)
  An ancient zyme (Abyss:3)
  A raiju (Abyss:5)
  3 nagas (Snake:4)
  2 starcursed masses (Abyss:3)
14 creatures vanquished.

Vanquished Creatures (others)
  A hell hog (Abyss:5)
  A deep elf archer (Elf:1)
  An ugly thing (Swamp:4)
  3 humans (Snake:4)
  A wolf (Lair:6)
  2 centaurs (D:12)
  An orc (Elf:3)
  5 fungi
  5 plants
  15 starspawn tentacles
35 creatures vanquished.

Grand Total: 1290 creatures vanquished

Notes
Turn   | Place    | Note
-------+----------+-------------------------------------------
     0 | D:1      | sveltemanboy the Formicid Fighter began the quest for the Orb.
     0 | D:1      | Reached XP level 1. HP: 18/18 MP: 1/1
   174 | D:1      | Reached XP level 2. HP: 24/24 MP: 2/2
   328 | D:1      | Reached skill level 3 in Axes
   418 | D:1      | Reached XP level 3. HP: 29/29 MP: 3/3
   900 | D:2      | Noticed Sigmund
   907 | D:2      | Killed Sigmund
   907 | D:2      | Reached skill level 5 in Axes
   907 | D:2      | Reached XP level 4. HP: 34/35 MP: 4/4
   907 | D:2      | Reached XP level 5. HP: 40/41 MP: 5/5
   907 | D:2      | Reached XP level 6. HP: 46/47 MP: 6/6
  1416 | D:2      | Found a hazy altar of Hepliaklqana.
  1746 | D:3      | Found a stormy altar of Qazlal.
  1844 | D:3      | Reached skill level 6 in Axes
  2023 | D:3      | Found a glowing drain.
  2027 | Sewer    | Entered a sewer
  2341 | Sewer    | Reached skill level 7 in Axes
  2341 | Sewer    | Reached XP level 7. HP: 45/52 MP: 7/7
  2348 | Sewer    | Got a bloodstained war axe
  2349 | Sewer    | Identified the cursed +3 war axe "Hego Cepra" {chop, *Contam rElec Str+4} (You found it in a sewer)
  3120 | D:4      | Reached skill level 8 in Axes
  3329 | D:4      | Noticed Eustachio
  3331 | D:4      | Noticed Robin
  3362 | D:4      | Killed Robin
  3362 | D:4      | Reached XP level 8. HP: 58/58 MP: 8/8
  3374 | D:4      | Killed Eustachio
  3374 | D:4      | Reached skill level 9 in Axes
  3475 | D:5      | Entered Level 5 of the Dungeon
  3608 | D:5      | Found a shattered altar of Ashenzari.
  3729 | D:5      | Found a bloodstained altar of Trog.
  3863 | D:5      | Found a deep blue altar of Sif Muna.
  4105 | D:5      | Found a staircase to the Ecumenical Temple.
  4116 | Temple   | Entered the Ecumenical Temple
  4200 | Temple   | Became a worshipper of Warmaster Okawaru
  4257 | D:6      | Found a sand-covered staircase.
  4268 | Ossuary  | Entered an ossuary
  4268 | Ossuary  | Noticed a wraith
  4268 | Ossuary  | Noticed a wraith
  4268 | Ossuary  | Noticed a wraith
  4294 | Ossuary  | Reached skill level 10 in Axes
  4364 | Ossuary  | Noticed a wraith
  4392 | Ossuary  | Killed a wraith
  4449 | D:6      | Reached XP level 9. HP: 24/64 MP: 9/9
  4669 | D:6      | Reached * piety under Okawaru
  4790 | D:6      | Found Zin's Purification Station.
  4790 | D:6      | Found a glowing silver altar of Zin.
  4842 | D:6      | Found a sparkling altar of Nemelex Xobeh.
  4868 | D:6      | Reached skill level 11 in Axes
  5109 | D:7      | Found a sparkling altar of Nemelex Xobeh.
  5473 | D:7      | Reached ** piety under Okawaru
  5632 | D:7      | Reached skill level 12 in Axes
  5707 | D:7      | Found Obla's Food Emporium.
  5997 | D:8      | Reached skill level 5 in Shields
  6108 | D:8      | Found a blossoming altar of Fedhas.
  6184 | D:8      | Reached skill level 1 in Invocations
  6242 | D:8      | Reached XP level 10. HP: 60/70 MP: 9/11
  6732 | D:8      | Reached *** piety under Okawaru
  7037 | D:9      | Reached skill level 5 in Invocations
  7355 | D:9      | Reached **** piety under Okawaru
  7438 | D:9      | Found a staircase to the Lair.
  7517 | D:9      | Found a basalt altar of Yredelemnul.
  7642 | D:9      | Noticed Joseph
  7652 | D:9      | Killed Joseph
  7652 | D:9      | Reached skill level 13 in Axes
  7652 | D:9      | Reached XP level 11. HP: 65/75 MP: 15/15
  8262 | D:10     | Entered Level 10 of the Dungeon
  8289 | D:10     | Noticed Snorg
  8305 | D:10     | Killed Snorg
  8305 | D:10     | Reached ***** piety under Okawaru
  8321 | D:10     | Got a shimmering turquoise ring
  8342 | D:10     | Identified the ring "Jypreheo" {rC++ MP+9 Str+7} (You found it on level 10 of the Dungeon)
  8387 | D:10     | Found a sacrificial altar of Ru.
  8419 | D:10     | Found Koblyix's General Store.
  8463 | D:10     | Reached skill level 1 in Dodging
  8719 | D:11     | Found Qoicu's General Store.
  8727 | D:11     | Found a flickering gateway to a bazaar.
  8744 | Bazaar   | Entered a bazaar
  8748 | Bazaar   | Found Utem Yqi's Distillery.
  8766 | Bazaar   | Found Wenumiro's Antique Armour Emporium.
  8783 | Bazaar   | Found Con Esem's Book Boutique.
  8800 | Bazaar   | Found Omytonk's Armour Shoppe.
  8837 | Bazaar   | Bought a twisted ring mail for 225 gold pieces
  8857 | Bazaar   | Identified the cursed +1 ring mail of Repulsion {MR++ Str+5 Slay-6} (You bought it in a shop in a bazaar)
  8881 | Bazaar   | Bought a runed chain mail for 262 gold pieces
  8935 | D:11     | Bought a scroll of identify for 28 gold pieces
  8962 | D:11     | Noticed Maurice
  8973 | D:11     | Killed Maurice
  8981 | D:11     | Noticed Erica
  8994 | D:11     | Killed Erica
  8994 | D:11     | Received a gift from Okawaru
  9037 | D:11     | Gained mutation: You are frail. (-10% HP) [mutagenic glow]
  9050 | D:11     | Gained mutation: [Scrolls take you a little longer to read.] [potion of mutation]
  9050 | D:11     | Gained mutation: Your mind is acute. (Int +2) [potion of mutation]
  9050 | D:11     | Gained mutation: You have large cloven feet. [potion of mutation]
  9051 | D:11     | Gained mutation: You are agile. (Dex +2) [potion of mutation]
  9051 | D:11     | Gained mutation: [You occasionally shout uncontrollably at your foes.] [potion of mutation]
  9051 | D:11     | Lost mutation: [Scrolls take you a little longer to read.] [potion of mutation]
  9052 | D:11     | Gained mutation: Your flesh is cold resistant. (rC+) [potion of mutation]
  9096 | D:11     | Noticed Gastronok
  9110 | D:11     | Killed Gastronok
  9110 | D:11     | Reached skill level 14 in Axes
  9110 | D:11     | Reached skill level 5 in Armour
  9131 | D:11     | Noticed Grum
  9142 | D:11     | Killed Grum
  9171 | D:11     | Gained mutation: You possess an exceptional clarity of mind. [potion of beneficial mutation]
  9252 | D:11     | Reached XP level 12. HP: 65/72 MP: 17/17
  9569 | D:11     | Found Kudaid's Jewellery Boutique.
  9725 | D:12     | Noticed a death knight
  9727 | D:12     | Noticed an unseen horror
 10282 | D:12     | Received a gift from Okawaru
 10287 | D:12     | Got an ichor-stained shield {god gift}
 10412 | D:11     | Identified the +0 shield "Goet" {MR- Int+4} (Okawaru gifted it to you on level 12 of the Dungeon)
 10498 | D:12     | Reached skill level 5 in Fighting
 10635 | D:12     | Found a staircase to the Orcish Mines.
 10680 | D:12     | Killed a death knight
 10680 | D:12     | Reached ****** piety under Okawaru
 10680 | D:12     | Reached skill level 15 in Axes
 11739 | Lair:1   | Entered Level 1 of the Lair of Beasts
 12096 | Lair:1   | Reached skill level 1 in Evocations
 12677 | Lair:2   | Reached XP level 13. HP: 84/84 MP: 18/18
 13441 | Lair:2   | Received a gift from Okawaru
 13461 | Lair:2   | Reached skill level 10 in Shields
 13896 | Lair:2   | Found a staircase to the Swamp.
 14275 | Lair:2   | Reached skill level 5 in Evocations
 15162 | Lair:3   | Noticed a seven-headed hydra
 15167 | Lair:3   | Killed a seven-headed hydra
 15422 | Lair:4   | Found a staircase to the Snake Pit.
 16102 | Lair:5   | Received a gift from Okawaru
 16343 | Lair:5   | Reached skill level 16 in Axes
 16386 | Lair:5   | Noticed a catoblepas
 16398 | Lair:5   | Killed a catoblepas
 16685 | Lair:5   | Received a gift from Okawaru
 16685 | Lair:5   | Reached XP level 14. HP: 91/92 MP: 19/19
 16692 | Lair:5   | Got a pair of steaming boots {god gift}
 16703 | Lair:5   | Identified the +0 pair of boots of the Fife {rF++ SInv} (Okawaru gifted it to you on level 5 of the Lair of Beasts)
 17084 | Lair:5   | Found a viscous altar of Jiyva.
 17085 | Lair:5   | Found a staircase to the Slime Pits.
 17304 | Lair:6   | Entered Level 6 of the Lair of Beasts
 17384 | Lair:6   | Noticed Josephine
 17817 | Lair:6   | Killed Josephine
 18075 | Lair:6   | Received a gift from Okawaru
 19413 | Lair:6   | Received a gift from Okawaru
 19416 | Lair:6   | Got a warped crystal plate armour {god gift}
 19438 | Lair:6   | Identified the +5 crystal plate armour of Sloth {rF+ Regen+} (Okawaru gifted it to you on level 6 of the Lair of Beasts)
 19470 | Lair:6   | Reached skill level 17 in Axes
 19490 | Lair:6   | Reached XP level 15. HP: 84/97 MP: 22/22
 19505 | Lair:6   | Identified the Papyrus of Toxic Orientation
 19843 | Orc:1    | Entered Level 1 of the Orcish Mines
 19951 | Orc:1    | Noticed Erolcha
 19956 | Orc:1    | Killed Erolcha
 20325 | Orc:2    | Entered Level 2 of the Orcish Mines
 20330 | Orc:2    | Found Ygroemoq's Gadget Shoppe.
 20362 | Orc:2    | Found a frozen archway.
 20383 | IceCv    | Entered an ice cave
 20480 | IceCv    | Reached skill level 10 in Evocations
 20515 | IceCv    | Identified Wizardry, Part Four
 20831 | Orc:2    | Found Bel Jost's Jewellery Shop.
 20978 | Orc:2    | Found Zeipriv's Antique Armour Emporium.
 20978 | Orc:2    | Found Agoyrutenni's General Store.
 20979 | Orc:2    | Found Deicon's Jewellery Shoppe.
 20982 | Orc:2    | Found Jorchioxe's General Store.
 21029 | Orc:2    | Found Dexotiq's Food Boutique.
 21033 | Orc:2    | Noticed an orc warlord
 21051 | Orc:2    | Killed an orc warlord
 21051 | Orc:2    | Received a gift from Okawaru
 21160 | Orc:2    | Found a staircase to the Elven Halls.
 21207 | Orc:2    | Found Yngaezai's Weapon Emporium.
 21251 | Orc:2    | Found Faxuypp's Magic Scroll Shoppe.
 21666 | Orc:2    | Bought an uncursed ring of poison resistance for 220 gold pieces
 21868 | Snake:1  | Entered Level 1 of the Snake Pit
 22018 | Snake:1  | Got a faintly glowing bronze ring
 22065 | Snake:1  | Identified the ring "Oniafr Epion" {rC+ MP+9} (You found it on level 1 of the Snake Pit)
 22327 | Snake:1  | Reached skill level 18 in Axes
 22460 | Snake:1  | Noticed Aizul
 22478 | Snake:1  | Killed Aizul
 22742 | Snake:2  | Noticed Vashnia
 22772 | Snake:2  | Killed Vashnia
 22772 | Snake:2  | Reached skill level 15 in Shields
 22772 | Snake:2  | Reached XP level 16. HP: 49/103 MP: 24/24
 22970 | Snake:2  | Received a gift from Okawaru
 24720 | Snake:3  | Reached skill level 19 in Axes
 24776 | Snake:4  | Entered Level 4 of the Snake Pit
 24776 | Snake:4  | Noticed a nagaraja
 24783 | Snake:4  | Killed a nagaraja
 24871 | Snake:4  | Noticed Kirke
 24958 | Snake:3  | Killed Kirke
 24958 | Snake:3  | Received a gift from Okawaru
 25120 | Snake:4  | Noticed a nagaraja
 25136 | Snake:4  | Killed a nagaraja
 25145 | Snake:4  | Noticed a nagaraja
 25183 | Snake:4  | Killed a nagaraja
 25183 | Snake:4  | Reached XP level 17. HP: 60/108 MP: 26/26
 25325 | Snake:4  | Reached skill level 5 in Dodging
 25399 | Snake:4  | Received a gift from Okawaru
 25464 | Snake:4  | HP: 3/108 [shock serpent/bolt of electricity (12)]
 25676 | Snake:4  | Got a serpentine rune of Zot
 25687 | Snake:4  | Reached skill level 10 in Armour
 26003 | Snake:3  | Reached skill level 20 in Axes
 26117 | Swamp:1  | Entered Level 1 of the Swamp
 26542 | Swamp:1  | Received a gift from Okawaru
 27192 | Swamp:2  | Reached XP level 18. HP: 114/114 MP: 27/27
 27530 | Swamp:3  | Noticed Nikola
 27550 | Swamp:3  | Killed Nikola
 27553 | Swamp:3  | Noticed Mara
 27554 | Swamp:3  | Noticed sveltemanboy's illusion
 27581 | Swamp:3  | Noticed sveltemanboy's illusion
 27599 | Swamp:3  | Noticed sveltemanboy's illusion
 28223 | Swamp:4  | Entered Level 4 of the Swamp
 28415 | Swamp:4  | Noticed the 27-headed Lernaean hydra
 28420 | Swamp:4  | Received a gift from Okawaru
 28435 | Swamp:4  | Killed the 23-headed Lernaean hydra
 28515 | Swamp:4  | Got a decaying rune of Zot
 28729 | Lair:1   | Reached skill level 21 in Axes
 28912 | Elf:1    | Entered Level 1 of the Elven Halls
 28912 | Elf:1    | Noticed Donald
 28916 | Elf:1    | Killed Donald
 28927 | Elf:1    | Received a gift from Okawaru
 28947 | Elf:1    | Got dazzling shadow dragon scales {god gift}
 28951 | Elf:1    | Identified the +0 shadow dragon scales of Fupsaxto {Int+3 Stlth++++} (Okawaru gifted it to you on level 1 of the Elven Halls)
 29275 | Elf:1    | Reached XP level 19. HP: 124/124 MP: 28/28
 29871 | Elf:2    | Found a magical portal.
 29874 | WizLab   | Entered The Hall of the Hellbinder
 30165 | WizLab   | Reached skill level 10 in Fighting
 30184 | WizLab   | Cast into level 3 of the Abyss (a deep elf demonologist)
 30257 | Abyss:3  | Gained mutation: You are very frail. (-20% HP) [a neqoxec]
 30270 | Abyss:3  | Noticed a bone dragon
 30348 | Abyss:3  | Noticed a lich
 30356 | Abyss:3  | Killed a lich
 30356 | Abyss:3  | Received a gift from Okawaru
 30457 | WizLab   | Escaped the Abyss
 30559 | WizLab   | Noticed Plog
 30561 | WizLab   | Found a burning altar of Makhleb.
 30577 | WizLab   | Killed Plog the Hellbinder
 30585 | WizLab   | Identified the Catalogue of the Eight Beggars
 30587 | WizLab   | Identified the Grimoire of the Escort
 31181 | Elf:2    | Found a runed gate.
 31181 | Elf:2    | Found a runed gate.
 31182 | Elf:2    | Found a runed gate.
 31308 | Elf:2    | Reached skill level 22 in Axes
 31465 | Elf:2    | Lost mutation: [You occasionally shout uncontrollably at your foes.] [potion of cure mutation]
 31465 | Elf:2    | Lost mutation: You are very frail. (-20% HP) [potion of cure mutation]
 31465 | Elf:2    | Lost mutation: You possess an exceptional clarity of mind. [potion of cure mutation]
 31465 | Elf:2    | Lost mutation: Your mind is acute. (Int +2) [potion of cure mutation]
 31497 | Elf:2    | Reached XP level 20. HP: 123/135 MP: 29/29
 31677 | Elf:3    | Entered Level 3 of the Elven Halls
 31752 | Elf:3    | Found a flickering gateway to a bazaar.
 31818 | Bazaar   | Entered a bazaar
 31820 | Bazaar   | Found Zarot's Book Boutique.
 31824 | Bazaar   | Found Xitaahan's Jewellery Boutique.
 31824 | Bazaar   | Found Faac Poc's Magic Scroll Boutique.
 31825 | Bazaar   | Found Pofu's Assorted Antiques.
 31830 | Bazaar   | Bought a scroll of noise for 12 gold pieces
 31841 | Bazaar   | Bought a scroll labeled ROYBLYNYLI for 30 gold pieces
 31842 | Bazaar   | Got a pair of scorched boots
 31853 | Bazaar   | Identified a +2 pair of boots of running (Okawaru gifted it to you on level 3 of the Abyss)
 31863 | Bazaar   | Identified the +4 pair of boots of Qazlal's Hatred {rPois Dex+3 SInv} (You acquired it in a bazaar)
 32297 | Elf:3    | Received a gift from Okawaru
 32627 | Elf:3    | Identified a -1 rod of shadows (9/9) (You found it in a wizard's laboratory)
 32685 | Elf:3    | Noticed a Brimstone Fiend
 32688 | Elf:3    | Noticed a Hell Sentinel
 32803 | Elf:3    | Noticed a Hell Sentinel
 32804 | Elf:3    | Received a gift from Okawaru
 33072 | Elf:3    | Cast into level 2 of the Abyss (a deep elf sorcerer)
 33430 | Abyss:5  | Entered Level 5 of the Abyss
 33495 | Abyss:5  | Found a corrupted altar of Lugonu.
 33543 | Abyss:5  | Noticed an ancient lich
 33552 | Abyss:5  | Killed an ancient lich
 33563 | Abyss:5  | Noticed a hellephant
 33583 | Abyss:5  | Killed a hellephant
 33591 | Abyss:5  | Received a gift from Okawaru
 33595 | Abyss:5  | Got an ancient cloak {god gift}
 33603 | Abyss:5  | Noticed a bone dragon
 33613 | Abyss:5  | Killed a bone dragon
 33626 | Abyss:5  | Reached skill level 23 in Axes
 33674 | Abyss:5  | Reached XP level 21. HP: 56/144 MP: 31/31
 33871 | Abyss:5  | HP: 5/144 [sixfirhy[a cacodemon] (9)]
 33873 | Abyss:5  | HP: 2/144 [smoke demon/ball of steam (3)]
 33874 | Abyss:5  | Mangled by a sixfirhy

Skill      XL: |  1  2  3  4  5  6  7  8  9 10 11 12 13 14 15 16 17 18 19 20 |
---------------+-------------------------------------------------------------+-----
Axes           | 3 5 7 8 10 12 13 14 15 16 17 18 19 20 21 22 23 | 23.1
Shields        | 5 8 9 11 13 15 | 15.0
Invocations    | 1 6 7 |  7.2
Dodging        | 3 4 6 7 |  7.0
Armour         | 5 7 9 10 12 13 | 13.0
Fighting       | 6 7 9 11 12 | 12.9
Evocations     | 2 6 9 11 12 13 | 13.9

Action                   |  1- 3 |  4- 6 |  7- 9 | 10-12 | 13-15 | 16-18 | 19-21 || total
-------------------------+-------+-------+-------+-------+-------+-------+-------++-------
Melee: War axe           |   110 |   146 |   342 |   275 |       |       |       ||   873
       Broad axe         |       |       |       |   284 |  1048 |    25 |       ||  1357
       Executioner's axe |       |       |       |       |       |   854 |   693 ||  1547
       Unarmed           |       |       |       |       |       |     3 |       ||     3
Throw: Throwing net      |       |       |     2 |       |       |       |       ||     2
Invok: Heroism           |       |       |       |     7 |     8 |     3 |     4 ||    22
 Abil: Dig               |       |       |     1 |       |     3 |     5 |     6 ||    15
Evoke: Wand              |     6 |     1 |       |       |    23 |    18 |     5 ||    53
       Fan of gales      |       |       |       |       |     2 |       |       ||     2
       Lamp of fire      |       |       |       |       |     1 |       |     1 ||     2
       Phantom mirror    |       |       |       |       |       |     1 |       ||     1
       Sack of spiders   |       |       |       |       |       |       |     3 ||     3
       Rod               |       |       |       |       |       |       |     2 ||     2
  Use: Scroll            |       |       |    12 |     9 |    11 |    18 |     4 ||    54
       Potion            |       |       |       |    12 |    11 |    13 |     3 ||    39
 Stab: Held in net/web   |       |       |     1 |       |       |       |     1 ||     2
       Petrified         |       |       |       |       |     3 |       |       ||     3
       Confused          |       |       |       |       |     6 |     2 |       ||     8
  Eat: Chunk             |       |     5 |    13 |    17 |    31 |    15 |    14 ||    95
       Fruit             |       |       |       |     3 |     1 |    10 |     2 ||    16
       Royal jelly       |       |       |       |       |     1 |       |       ||     1
Armor: Scale mail        |    39 |    69 |    84 |    62 |       |       |       ||   254
       Chain mail        |       |       |       |    63 |   202 |       |       ||   265
       Crystal plate arm |       |       |       |       |   162 |   303 |   144 ||   609
Dodge: Dodged            |    27 |    53 |    64 |   102 |   171 |   155 |    90 ||   662
Block: Shield            |    63 |    78 |   134 |   251 |   567 |    20 |       ||  1113
       Large shield      |       |       |       |       |       |   879 |   673 ||  1552
       Reflection        |       |       |       |       |       |    18 |    47 ||    65
